[Event "AUT-ch Open 2020"]
[Site "Graz"]
[Date "2020.02.19"]
[Round "7.16"]
[White "Yankelevich, Lev"]
[Black "Nitin, S.."]
[Result "0-1"]
[ECO "E81"]
[WhiteElo "2473"]
[BlackElo "2353"]
[Annotator "ChessBase"]
[PlyCount "101"]
[EventDate "2020.02.14"]
[EventType "swiss"]
[EventCountry "AUT"]
[SourceTitle "playchess.com"]
[Source "ChessBase"]
[SourceQuality "1"]
[TimeControl "40/5400+30:1800+30"]

1. d4 Nf6 2. c4 g6 3. Nc3 Bg7 4. e4 d6 5. f3 O-O 6. Be3 a6 7. Qd2 Nc6 8. Nge2 Na5 9. Nc1 Nd7 10. Nb3 c5 11. Rd1 Nxb3 12. axb3 cxd4 13. Bxd4 Bxd4 14. Qxd4 Qa5 15. Qd2 Nf6 16. Na4 Qc7 17. Qd4 Qa5+ 18. Qd2 Qc7 19. Qd4 Qa5+ 20. Qc3 Qc7 21. Qe3 Qa5+ 22. Qc3 Qc7 23. c5 dxc5 24. Nxc5 b6 25. Na4 Qa7 26. e5 Nd7 27. e6 fxe6 28. Qe3 Rf6 29. Bc4 b5 30. Bxe6+ Kg7 31. Rd4 bxa4 32. Bxd7 Bxd7 33. Qxe7+ Rf7 34. Qe5+ Kg8 35. O-O Re8 36. Qd6 Bb5 37. Rfd1 Rd7 38. Qf6 axb3 39. h4 Re1+ 40. Kh2 Qc7+ 41. Rf4 Rf7 42. Qd8+ Qxd8 43. Rxd8+ Kg7 44. Rb4 Re3 45. Kg3 Rc7 46. Rf4 Re2 47. Rff8 Bc4 48. h5 gxh5 49. f4 Rxb2 50. f5 Bf7 51. Kf4 0-1

[Event "AUT-ch Open 2020"]
[Site "Graz"]
[Date "2020.02.19"]
[Round "7.17"]
[White "Horvath, Dominik"]
[Black "Steindl, Johannes"]
[Result "0-1"]
[ECO "A05"]
[WhiteElo "2450"]
[BlackElo "2273"]
[Annotator "ChessBase"]
[PlyCount "142"]
[EventDate "2020.02.14"]
[EventType "swiss"]
[EventCountry "AUT"]
[SourceTitle "playchess.com"]
[Source "ChessBase"]
[SourceQuality "1"]
[TimeControl "40/5400+30:1800+30"]

1. Nf3 Nf6 2. g3 g6 3. Bg2 Bg7 4. O-O O-O 5. c4 Nc6 6. d4 d5 7. Nbd2 Be6 8. b3 dxc4 9. Nxc4 Bd5 10. Bb2 a5 11. Rc1 a4 12. bxa4 Ra6 13. a3 Qa8 14. a5 Rc8 15. Bh3 e6 16. Nfd2 Nxa5 17. Nxa5 Rxa5 18. f3 Rd8 19. e4 Bc6 20. Nc4 Rh5 21. Bg2 Bb5 22. Qb3 Qa6 23. Rfe1 Ba4 24. Qe3 Rb5 25. Kh1 Rb3 26. Qf4 b5 27. Qxc7 Rf8 28. Bf1 bxc4 29. Bxc4 Qb6 30. Bxb3 Qxb3 31. Qc3 Qb7 32. Qb4 Qa7 33. Qc5 Qa6 34. d5 exd5 35. e5 Nh5 36. Qxd5 Rb8 37. Ba1 Bb3 38. Qd2 Qa8 39. Qd3 Bd5 40. Kg2 Be6 41. Bd4 Bf8 42. Bc5 Rb2+ 43. Re2 Rxe2+ 44. Qxe2 Bxc5 45. Rxc5 Qxa3 46. Rb5 h6 47. Qd2 Qa4 48. Rb4 Qa2 49. Rb2 Qa3 50. h4 Kh7 51. Rb8 Qa2 52. Rb2 Qa3 53. Rb8 Qa2 54. Rb2 Qa3 55. Rb7 Bh3+ 56. Kf2 Qc5+ 57. Qe3 Qc2+ 58. Ke1 Be6 59. g4 Ng3 60. Rb8 h5 61. gxh5 Nxh5 62. Qd2 Qc5 63. Qg5 Qc3+ 64. Kf2 Qd4+ 65. Qe3 Qxh4+ 66. Ke2 Ng3+ 67. Kd1 Nf5 68. Qd3 Nd4 69. Rb4 Qh1+ 70. Kd2 Nxf3+ 71. Kc3 Qe1+ {[%emt 0:00:25] Kd4} 0-1

[Event "AUT-ch Open 2020"]
[Site "Graz"]
[Date "2020.02.19"]
[Round "7.17"]
[White "Modler, Andreas"]
[Black "Zverev, Lev"]
[Result "0-1"]
[ECO "D24"]
[WhiteElo "2225"]
[BlackElo "1914"]
[Annotator "NA"]
[PlyCount "82"]
[EventDate "2020.02.14"]
[EventType "swiss"]
[EventCountry "AUT"]
[SourceTitle "playchess.com"]
[Source "ChessBase"]
[SourceQuality "1"]
[TimeControl "40/5400+30:1800+30"]

1. c4 e6 2. Nc3 Nf6 3. Nf3 d5 4. d4 dxc4 5. e4 b5 6. Nxb5 Nxe4 7. Qa4 c6 8. Nc3 Nxc3 9. bxc3 Bd6 10. Bxc4 O-O 11. O-O Qc7 12. Qc2 Nd7 13. Bd3 h6 14. Qe2 Nf6 15. c4 c5 16. dxc5 Qxc5 17. Bb2 Bb7 18. Bxf6 gxf6 19. Be4 Bxe4 20. Qxe4 Qh5 21. Rfd1 Rad8 22. Rd4 f5 23. Qd3 Be7 24. Rb1 Bf6 25. Rxd8 Rxd8 26. Qe3 e5 27. Qxa7 e4 28. Ne1 Rd1 29. Qb8+ Kh7 30. Qb3 Rd2 31. Qe3 Re2 32. Qf4 Bd4 33. Nd3 exd3 34. Qxd4 d2 35. Rf1 Qg4 36. Qd5 Qg6 37. h4 Qe6 38. Qd3 Qe4 39. Qd7 Qxc4 40. Qxf5+ Kg7 41. Qd7 Re1 0-1

[Event "AUT-ch Open 2020"]
[Site "Graz"]
[Date "2020.02.19"]
[Round "7.18"]
[White "Lim, Zhuo Ren"]
[Black "Kilgus, Georg"]
[Result "1/2-1/2"]
[ECO "E04"]
[WhiteElo "2296"]
[BlackElo "2450"]
[Annotator "ChessBase"]
[PlyCount "162"]
[EventDate "2020.02.14"]
[EventType "swiss"]
[EventCountry "AUT"]
[SourceTitle "playchess.com"]
[Source "ChessBase"]
[SourceQuality "1"]
[TimeControl "40/5400+30:1800+30"]

1. d4 Nf6 2. c4 e6 3. Nf3 d5 4. g3 dxc4 5. Bg2 c6 6. Ne5 c5 7. Qa4+ Nbd7 8. dxc5 Bxc5 9. O-O O-O 10. Nxc4 Rb8 11. Nc3 a6 12. Qc2 b5 13. Nd2 Qc7 14. Qb1 Bb7 15. Nde4 Bd4 16. Rd1 Bxc3 17. bxc3 Nxe4 18. Bxe4 Bxe4 19. Qxe4 Qxc3 20. Bf4 Nf6 21. Qg2 Rbd8 22. Qb7 Qc2 23. Re1 Qc8 24. Qf3 Qa8 25. Qb3 Nd5 26. Bd2 Qb7 27. a4 Rb8 28. Rab1 Qd7 29. e4 Nf6 30. Bf4 Rb7 31. Red1 Qc6 32. Rd6 Qxe4 33. f3 Qf5 34. Rxa6 b4 35. Rc6 h5 36. Rd1 Nd5 37. Bd6 Ra8 38. Rc5 Rba7 39. Ra1 Qf6 40. Rcc1 Qd4+ 41. Kh1 Ra6 42. Bc5 Qf6 43. Kg2 h4 44. Bf2 Qf5 45. Bd4 g5 46. Re1 g4 47. fxg4 Qxg4 48. Be5 h3+ 49. Kg1 Nc3 50. Qc2 Qf3 51. Qd2 f6 52. Re3 Qd5 53. Bxc3 bxc3 54. Qxd5 exd5 55. Rxc3 Rxa4 56. Rxa4 Rxa4 57. Rd3 Ra1+ 58. Kf2 Ra2+ 59. Kg1 Kf7 60. Rxd5 Kg6 61. Rd4 Ra1+ 62. Kf2 Rh1 63. g4 Rxh2+ 64. Kg3 Rh1 65. Rd5 h2 66. Kg2 Rg1+ 67. Kxh2 Rxg4 68. Kh3 Rg1 69. Kh2 Rg4 70. Kh3 f5 71. Rd3 Kf6 72. Rg3 Ra4 73. Kg2 Ke5 74. Rb3 Kf4 75. Kf2 Ra2+ 76. Kf1 Kg4 77. Rc3 f4 78. Rb3 Ra1+ 79. Kf2 Ra2+ 80. Kf1 Ra1+ 81. Kf2 Ra2+ 1/2-1/2

[Event "AUT-ch Open 2020"]
[Site "Graz"]
[Date "2020.02.19"]
[Round "7.18"]
[White "Redzisz, Michal"]
[Black "Brinovec, David"]
[Result "1/2-1/2"]
[ECO "E01"]
[WhiteElo "2115"]
[BlackElo "2279"]
[Annotator "NA"]
[PlyCount "101"]
[EventDate "2020.02.14"]
[EventType "swiss"]
[EventCountry "AUT"]
[SourceTitle "playchess.com"]
[Source "ChessBase"]
[SourceQuality "1"]
[TimeControl "40/5400+30:1800+30"]

1. d4 d5 2. c4 e6 3. Nf3 Nf6 4. g3 c6 5. Bg2 Nbd7 6. Nbd2 Bd6 7. O-O O-O 8. Qc2 Re8 9. b3 e5 10. dxe5 Nxe5 11. Bb2 Nxf3+ 12. Nxf3 dxc4 13. Qxc4 Be6 14. Qc2 Bd5 15. Nd4 Bxg2 16. Kxg2 Be5 17. Rfd1 Qe7 18. e3 Rad8 19. Rac1 g6 20. Qc5 Qxc5 21. Rxc5 Ne4 22. Rcc1 c5 23. f3 Nxg3 24. hxg3 Bxd4 25. exd4 Re2+ 26. Kh3 Rxb2 27. dxc5 Rxd1 28. Rxd1 Rxa2 29. Rd7 Ra5 30. Rxb7 Rxc5 31. Rxa7 Rc3 32. f4 Rxb3 33. Rc7 Kg7 34. Ra7 Rb6 35. Rc7 Kf6 36. Kh4 h6 37. Kh3 Rd6 38. Ra7 Ke6 39. Rb7 Rd7 40. Rb5 f6 41. Kg4 h5+ 42. Kh4 Rd1 43. Kh3 Rd5 44. Rb6+ Kf5 45. Ra6 Rd2 46. Rb6 Rd1 47. Ra6 Re1 48. Rb6 Re6 49. Rb4 Rd6 50. Ra4 g5 51. fxg5 1/2-1/2

[Event "AUT-ch Open 2020"]
[Site "Graz"]
[Date "2020.02.19"]
[Round "7.19"]
[White "Ozturk, Kubra"]
[Black "David, Alexandru-Vasile"]
[Result "1-0"]
[ECO "D33"]
[WhiteElo "2286"]
[BlackElo "2436"]
[Annotator "NA"]
[PlyCount "105"]
[EventDate "2020.02.14"]
[EventType "swiss"]
[EventCountry "AUT"]
[SourceTitle "playchess.com"]
[Source "ChessBase"]
[SourceQuality "1"]
[TimeControl "40/5400+30:1800+30"]

1. d4 Nf6 2. c4 e6 3. Nc3 c5 4. Nf3 d5 5. cxd5 exd5 6. g3 Nc6 7. Bg2 cxd4 8. Nxd4 Bc5 9. Nxc6 bxc6 10. O-O O-O 11. Qc2 Bb6 12. e3 h5 13. h4 Bg4 14. b3 Qd7 15. Ba3 Rfe8 16. Na4 Bh3 17. Bc5 Bc7 18. Bd4 Bxg2 19. Kxg2 Be5 20. Rfd1 Ng4 21. Rac1 Rac8 22. Nc5 Qd6 23. Qf5 g6 24. Bxe5 Nxe5 25. Ne4 Qd8 26. Nf6+ Kf8 27. Qg5 Re6 28. Nh7+ Kg7 29. Qxd8 Rxd8 30. Ng5 Rf6 31. Ne4 Re6 32. Ng5 Rf6 33. Ne4 Re6 34. Nc5 Rf6 35. Rd4 Ng4 36. Nd3 Re8 37. Rc5 Re4 38. Ra5 Rxd4 39. exd4 Re6 40. Nf4 Re1 41. f3 Nh6 42. Rxa7 Nf5 43. Kf2 Rd1 44. Ne6+ Kg8 45. Ra8+ Kh7 46. Ng5+ Kg7 47. Ra7 Rd2+ 48. Ke1 Rg2 49. Nxf7 Nxd4 50. Kf1 Rxg3 51. Ng5+ Kg8 52. Kf2 Nf5 53. a4 1-0

[Event "AUT-ch Open 2020"]
[Site "Graz"]
[Date "2020.02.19"]
[Round "7.19"]
[White "Golecki, Jan"]
[Black "Breneis, Lukas"]
[Result "0-1"]
[ECO "C40"]
[WhiteElo "2112"]
[BlackElo "2250"]
[Annotator "NA"]
[PlyCount "64"]
[EventDate "2020.02.14"]
[EventType "swiss"]
[EventCountry "AUT"]
[SourceTitle "playchess.com"]
[Source "ChessBase"]
[SourceQuality "1"]
[TimeControl "40/5400+30:1800+30"]

1. e4 e5 2. Nf3 Qe7 3. Bc4 d6 4. d4 c6 5. b3 Bg4 6. dxe5 dxe5 7. h3 Bh5 8. Qe2 Qc7 9. Bb2 Nd7 10. g4 Bg6 11. Nh4 Ngf6 12. Nd2 Nc5 13. O-O-O b5 14. f4 Nfd7 15. f5 bxc4 16. Nxc4 a5 17. a4 Be7 18. Nf3 O-O 19. Nfxe5 Nxe5 20. Bxe5 Qb7 21. Bc3 Nxb3+ 22. cxb3 Qxb3 23. Bb2 Rab8 24. Qc2 Qa2 25. Bd4 Bg5+ 26. Rd2 Rb1+ 27. Qxb1 Qxc4+ 28. Qc2 Qxd4 29. Rhh2 Rd8 30. Qa2 Qg1+ 31. Kc2 Bxd2 32. fxg6 Qc1+ 0-1

[Event "AUT-ch Open 2020"]
[Site "Graz"]
[Date "2020.02.19"]
[Round "7.20"]
[White "Kosakowski, Jakub"]
[Black "Stukan, Martin"]
[Result "1/2-1/2"]
[ECO "B92"]
[WhiteElo "2413"]
[BlackElo "2292"]
[Annotator "NA"]
[PlyCount "92"]
[EventDate "2020.02.14"]
[EventType "swiss"]
[EventCountry "AUT"]
[SourceTitle "playchess.com"]
[Source "ChessBase"]
[SourceQuality "1"]
[TimeControl "40/5400+30:1800+30"]

1. e4 c5 2. Nf3 d6 3. d4 cxd4 4. Nxd4 Nf6 5. Nc3 a6 6. Be2 e5 7. Nf3 Be7 8. Bg5 Nbd7 9. a4 h6 10. Bxf6 Nxf6 11. Nd2 Be6 12. Nc4 Rc8 13. Ne3 Qb6 14. Rb1 Qb4 15. Bf3 O-O 16. O-O Bd8 17. h4 Bb6 18. Re1 Bd4 19. g4 Bxc3 20. bxc3 Qxc3 21. Qxd6 Rfd8 22. Qb6 Rd7 23. Red1 Rc6 24. Qa7 Nxg4 25. Rxd7 Bxd7 26. Bxg4 Bxg4 27. Qxb7 Rg6 28. Qb4 Qc6 29. Qb8+ Kh7 30. Qxe5 Bf3+ 31. Kh2 Bxe4 32. Rb4 Bh1 33. Qf5 Qd6+ 34. Rf4 Bf3 35. c4 Qb8 36. h5 Bxh5 37. Nd5 Bg4 38. Qxf7 Be6 39. Qc7 Qb2 40. Rf3 Qc1 41. Nf6+ Rxf6 42. Rxf6 Bd5 43. f3 Qb2+ 44. Kg3 Qxf6 45. cxd5 Qg5+ 46. Kf2 Qd2+ 1/2-1/2

[Event "AUT-ch Open 2020"]
[Site "Graz"]
[Date "2020.02.19"]
[Round "7.20"]
[White "Zoernpfenning, Siegfried"]
[Black "Meurs, Tom"]
[Result "1-0"]
[ECO "B13"]
[WhiteElo "2094"]
[BlackElo "2249"]
[Annotator "NA"]
[PlyCount "79"]
[EventDate "2020.02.14"]
[EventType "swiss"]
[EventCountry "AUT"]
[SourceTitle "playchess.com"]
[Source "ChessBase"]
[SourceQuality "1"]
[TimeControl "40/5400+30:1800+30"]

1. d4 d5 2. Bf4 c5 3. e3 cxd4 4. exd4 Nc6 5. c3 f6 6. Nf3 g5 7. Bg3 Bf5 8. Bd3 Qd7 9. Bxf5 Qxf5 10. Qe2 h5 11. h4 g4 12. Nh2 Nh6 13. Nd2 Bg7 14. f3 gxf3 15. gxf3 e5 16. Nb3 a6 17. Nf1 O-O 18. Ne3 Qg6 19. Kf2 Rae8 20. Qc2 f5 21. dxe5 Qe6 22. Nc5 Qe7 23. Nd3 f4 24. Bxf4 Rxf4 25. Nxf4 Nxe5 26. Rae1 Qf7 27. Nexd5 Rf8 28. Rhg1 Nhg4+ 29. fxg4 Qxd5 30. Re4 Nd3+ 31. Ke3 Nxf4 32. gxh5 Qc5+ 33. Rd4 Ne6 34. h6 Re8 35. Qg6 Qe5+ 36. Re4 Qc5+ 37. Kd3 Nf4+ 38. Rxf4 Qb5+ 39. Rc4 Qd5+ 40. Kc2 1-0

[Event "AUT-ch Open 2020"]
[Site "Graz"]
[Date "2020.02.19"]
[Round "7.21"]
[White "Karthikeyan, P.."]
[Black "Caglar, Sila"]
[Result "1-0"]
[ECO "B24"]
[WhiteElo "2406"]
[BlackElo "2268"]
[Annotator "ChessBase"]
[PlyCount "106"]
[EventDate "2020.02.14"]
[EventType "swiss"]
[EventCountry "AUT"]
[SourceTitle "playchess.com"]
[Source "ChessBase"]
[SourceQuality "1"]
[TimeControl "40/5400+30:1800+30"]

1. e4 c5 2. Nc3 Nc6 3. Bb5 Nd4 4. Nf3 a6 5. Bd3 g6 6. Nxd4 cxd4 7. Ne2 Bg7 8. c3 dxc3 9. dxc3 Nf6 10. O-O O-O 11. Nd4 d5 12. e5 Ne4 13. f3 Nc5 14. Bf4 Qb6 15. Rf2 Ne6 16. Nxe6 Bxe6 17. Qd2 d4 18. c4 Rac8 19. b3 a5 20. Bh6 Bxe5 21. Bxf8 Rxf8 22. Re1 Bd6 23. Qh6 Bd7 24. f4 f5 25. h4 Qb4 26. Ree2 Qc3 27. c5 Bxc5 28. Rf3 e6 29. h5 Rf6 30. Qg5 Kg7 31. Kh2 Qb4 32. h6+ Kf7 33. g4 Bb5 34. gxf5 exf5 35. Qg2 Bc6 36. Qg3 Bd6 37. Bc4+ Kf8 38. Rf1 b5 39. Bd3 Qc5 40. Qh4 g5 41. Qxg5 Rg6 42. Qxf5+ Qxf5 43. Bxf5 Rf6 44. Be4 Re6 45. Bd3 Rxh6+ 46. Kg3 a4 47. Kg4 Bd5 48. Bxb5 axb3 49. axb3 Rg6+ 50. Kf5 Bxb3 51. Ra1 Bf7 52. Ra7 Rg3 53. Rd2 Rb3 1-0

[Event "AUT-ch Open 2020"]
[Site "Graz"]
[Date "2020.02.19"]
[Round "7.21"]
[White "Frosch, Erich"]
[Black "Wallner, Dieter"]
[Result "1-0"]
[ECO "A06"]
[WhiteElo "2210"]
[BlackElo "2116"]
[Annotator "NA"]
[PlyCount "57"]
[EventDate "2020.02.14"]
[EventType "swiss"]
[EventCountry "AUT"]
[SourceTitle "playchess.com"]
[Source "ChessBase"]
[SourceQuality "1"]
[TimeControl "40/5400+30:1800+30"]

1. Nf3 d5 2. b3 Bf5 3. Bb2 Nf6 4. e3 e6 5. Nc3 Be7 6. Ne2 h6 7. Ng3 Bh7 8. Be2 Nbd7 9. O-O O-O 10. d3 c6 11. Qd2 a5 12. a3 Qc7 13. Rac1 b5 14. Nd4 Rfe8 15. f4 Bd6 16. c4 bxc4 17. bxc4 Qb7 18. cxd5 cxd5 19. Rb1 Reb8 20. Rfc1 Nc5 21. Qd1 Qd7 22. Nf3 Ne8 23. Bd4 Rxb1 24. Rxb1 a4 25. Ne5 Qe7 26. Bh5 Bxe5 27. fxe5 Nxd3 28. Be2 Qxa3 29. Ra1 1-0

[Event "AUT-ch Open 2020"]
[Site "Graz"]
[Date "2020.02.19"]
[Round "7.22"]
[White "Novikov, Stanislav"]
[Black "Ninov, Dayan"]
[Result "1-0"]
[ECO "B10"]
[WhiteElo "2531"]
[BlackElo "2242"]
[Annotator "ChessBase"]
[PlyCount "97"]
[EventDate "2020.02.14"]
[EventType "swiss"]
[EventCountry "AUT"]
[SourceTitle "playchess.com"]
[Source "ChessBase"]
[SourceQuality "1"]
[TimeControl "40/5400+30:1800+30"]

1. c4 c6 2. e4 d5 3. cxd5 cxd5 4. exd5 Nf6 5. Nc3 Nxd5 6. d4 e6 7. Nf3 Be7 8. Bd3 Nxc3 9. bxc3 Qc7 10. O-O Nd7 11. d5 e5 12. Bg5 f6 13. Be3 Nc5 14. Bc2 O-O 15. Nd2 b5 16. c4 Bd7 17. Qb1 f5 18. cxb5 Qb7 19. d6 Bxd6 20. Nc4 Be7 21. Nxe5 Bxb5 22. Bxc5 Bxc5 23. Qb3+ Kh8 24. Rab1 Rab8 25. a4 Qc7 26. Ng6+ hxg6 27. Qh3+ Kg8 28. Bb3+ Rf7 29. Bxf7+ Qxf7 30. axb5 Qc4 31. Qg3 Rb6 32. Rfd1 Qe2 33. Re1 Qc4 34. h4 Kh7 35. Rec1 Qd4 36. Rd1 Qc4 37. Rdc1 Qd4 38. Qf3 Qe5 39. Re1 Qf6 40. h5 g5 41. Qd5 Be7 42. Qd7 Bc5 43. Rbd1 g4 44. Rd5 g3 45. Rxc5 gxf2+ 46. Kxf2 Qh4+ 47. g3 Qh2+ 48. Kf3 Rf6 49. Rc7 1-0

[Event "AUT-ch Open 2020"]
[Site "Graz"]
[Date "2020.02.19"]
[Round "7.22"]
[White "Prato, Simon"]
[Black "Ragger, Anna-Christina"]
[Result "0-1"]
[ECO "C77"]
[WhiteElo "2040"]
[BlackElo "2205"]
[Annotator "NA"]
[PlyCount "44"]
[EventDate "2020.02.14"]
[EventType "swiss"]
[EventCountry "AUT"]
[SourceTitle "playchess.com"]
[Source "ChessBase"]
[SourceQuality "1"]
[TimeControl "40/5400+30:1800+30"]

1. e4 e5 2. Nf3 Nc6 3. Bb5 a6 4. Ba4 Nf6 5. d3 d6 6. c3 g6 7. O-O Bg7 8. Nbd2 O-O 9. Re1 b5 10. Bc2 Nh5 11. a4 b4 12. Nf1 Rb8 13. Ne3 Nf4 14. Rb1 d5 15. Bb3 dxe4 16. dxe4 Qxd1 17. Rxd1 bxc3 18. Bc4 Nd4 19. Nxd4 exd4 20. Nc2 Be6 21. Bxe6 Nxe6 22. b3 Rfd8 0-1

[Event "AUT-ch Open 2020"]
[Site "Graz"]
[Date "2020.02.19"]
[Round "7.23"]
[White "Stanec, Nikolaus"]
[Black "Manush Shah"]
[Result "1/2-1/2"]
[ECO "B24"]
[WhiteElo "2520"]
[BlackElo "2322"]
[Annotator "ChessBase"]
[PlyCount "68"]
[EventDate "2020.02.14"]
[EventType "swiss"]
[EventCountry "AUT"]
[SourceTitle "playchess.com"]
[Source "ChessBase"]
[SourceQuality "1"]
[TimeControl "40/5400+30:1800+30"]

1. e4 c5 2. Nc3 Nc6 3. g3 g6 4. Bg2 Bg7 5. d3 e6 6. Be3 d6 7. Qd2 Qa5 8. Nf3 Nd4 9. O-O Ne7 10. a3 Nec6 11. Rac1 O-O 12. h3 Nxf3+ 13. Bxf3 Rb8 14. Bg2 b5 15. Bh6 b4 16. Bxg7 Kxg7 17. axb4 Qxb4 18. Ra1 Bd7 19. Rfb1 Rfc8 20. Qd1 Rc7 21. Na2 Qb6 22. c3 Qb3 23. Qd2 e5 24. Nc1 Qb6 25. h4 h5 26. Bf3 Rcb7 27. Bd1 Qd8 28. Bf3 Qf6 29. Bg2 Rb6 30. Ne2 Bg4 31. Ra2 Qe6 32. Raa1 Qf6 33. Ra2 Qe6 34. Raa1 Qf6 1/2-1/2

[Event "AUT-ch Open 2020"]
[Site "Graz"]
[Date "2020.02.19"]
[Round "7.24"]
[White "Godzwon, Iwo"]
[Black "Diermair, Andreas"]
[Result "1/2-1/2"]
[ECO "C92"]
[WhiteElo "2321"]
[BlackElo "2483"]
[Annotator "ChessBase"]
[PlyCount "111"]
[EventDate "2020.02.14"]
[EventType "swiss"]
[EventCountry "AUT"]
[SourceTitle "playchess.com"]
[Source "ChessBase"]
[SourceQuality "1"]
[TimeControl "40/5400+30:1800+30"]

1. e4 e5 2. Nf3 Nc6 3. Bb5 a6 4. Ba4 Nf6 5. O-O Be7 6. Re1 b5 7. Bb3 O-O 8. c3 d6 9. h3 Bb7 10. d4 Re8 11. Nbd2 Bf8 12. a3 h6 13. d5 Na5 14. Bc2 c6 15. b4 Nc4 16. Nxc4 bxc4 17. Ba4 cxd5 18. Bxe8 Qxe8 19. exd5 Qd7 20. Qe2 Rc8 21. Nd2 Bxd5 22. f3 Be6 23. Nf1 Nd5 24. Bd2 Bf5 25. a4 Be7 26. Qf2 Bd3 27. Kh2 f5 28. Ne3 Nf6 29. Nd1 f4 30. Qb6 Rc6 31. Qf2 Bd8 32. a5 Qb7 33. Nb2 Bf5 34. Qe2 Qc8 35. Qf2 Nh5 36. Na4 Qb7 37. Nb6 Kh7 38. Ra2 Bd3 39. Bc1 Ng3 40. Rd1 Bxb6 41. axb6 Rxb6 42. Bd2 Bf5 43. Rda1 Bc8 44. Be1 Nf5 45. Qc2 d5 46. Bf2 Rg6 47. Re1 Qc7 48. Ra5 Qd6 49. Rd1 Be6 50. Raxd5 Bxd5 51. Qxf5 Qc6 52. Bc5 Qe6 53. Qxe6 Bxe6 54. Re1 Bf5 55. Rxe5 Bd3 56. Kg1 1/2-1/2

[Event "AUT-ch Open 2020"]
[Site "Graz"]
[Date "2020.02.19"]
[Round "7.25"]
[White "Schnider, Gert"]
[Black "Ongut, Tamas Gunes"]
[Result "1-0"]
[ECO "C84"]
[WhiteElo "2429"]
[BlackElo "2302"]
[Annotator "ChessBase"]
[PlyCount "119"]
[EventDate "2020.02.14"]
[EventType "swiss"]
[EventCountry "AUT"]
[SourceTitle "playchess.com"]
[Source "ChessBase"]
[SourceQuality "1"]
[TimeControl "40/5400+30:1800+30"]

1. e4 e5 2. Nf3 Nc6 3. Bb5 a6 4. Ba4 Nf6 5. O-O Be7 6. d3 b5 7. Bb3 d6 8. a3 O-O 9. h3 Bb7 10. Nc3 Qd7 11. Re1 h6 12. Be3 Rfe8 13. Qd2 Bf8 14. Nh4 Nd4 15. Bxd4 exd4 16. Ne2 d5 17. exd5 Bxd5 18. Bxd5 Qxd5 19. Nf3 c5 20. a4 b4 21. b3 Bd6 22. Rf1 Re7 23. Rae1 Rae8 24. Nc1 Kf8 25. Rxe7 Rxe7 26. Re1 Rxe1+ 27. Qxe1 Qf5 28. Kf1 g5 29. Ne2 g4 30. hxg4 Nxg4 31. Neg1 Nf6 32. Nd2 Ng4 33. Ndf3 Nf6 34. Qe2 Nd5 35. Qe4 Qxe4 36. dxe4 Nc3 37. e5 Bc7 38. Ne2 Ke7 39. Nf4 f6 40. exf6+ Kxf6 41. Nd3 Bd6 42. Nd2 Ke6 43. g3 Kd5 44. Kg2 a5 45. Kf3 Bc7 46. Kg4 Bd6 47. Kh5 Ne4 48. Nc4 Bxg3 49. fxg3 Nxg3+ 50. Kxh6 Nf5+ 51. Kg5 Ne3 52. Nxe3+ dxe3 53. Kf4 Kd4 54. Kf3 c4 55. bxc4 Kxc4 56. Kxe3 b3 57. Kd2 bxc2 58. Kxc2 Kd4 59. Nb2 Kd5 60. Kc3 1-0

[Event "AUT-ch Open 2020"]
[Site "Graz"]
[Date "2020.02.19"]
[Round "7.26"]
[White "Rieger, Robert"]
[Black "Halvax, Georg"]
[Result "1/2-1/2"]
[ECO "C44"]
[WhiteElo "2320"]
[BlackElo "2428"]
[Annotator "NA"]
[PlyCount "70"]
[EventDate "2020.02.14"]
[EventType "swiss"]
[EventCountry "AUT"]
[SourceTitle "playchess.com"]
[Source "ChessBase"]
[SourceQuality "1"]
[TimeControl "40/5400+30:1800+30"]

1. e4 e5 2. Nf3 Nc6 3. d4 exd4 4. Nxd4 Bb4+ 5. c3 Bc5 6. Nf5 g6 7. Be3 Bxe3 8. Nxe3 Nf6 9. Bd3 O-O 10. c4 Re8 11. Nc3 d6 12. O-O Ne5 13. Be2 Ned7 14. f3 b6 15. Qd2 a5 16. Ncd5 Bb7 17. Nc2 b5 18. Rab1 bxc4 19. Bxc4 Ne5 20. Nxf6+ Qxf6 21. Qc3 Kg7 22. Rfd1 c6 23. Ne3 Red8 24. Rd2 d5 25. exd5 Nxc4 26. Nxc4 cxd5 27. Nxa5 d4 28. Qb4 Qf5 29. Rbd1 Bxf3 30. gxf3 Rxa5 31. Rxd4 Qxf3 32. Qxa5 Qe3+ 33. Kf1 Qf3+ 34. Kg1 Qe3+ 35. Kf1 Qf3+ 1/2-1/2

[Event "AUT-ch Open 2020"]
[Site "Graz"]
[Date "2020.02.19"]
[Round "7.27"]
[White "Li, Henry"]
[Black "Hoefelsauer, Thomas"]
[Result "0-1"]
[WhiteElo "2310"]
[BlackElo "2390"]
[Annotator "NA"]
[PlyCount "59"]
[EventDate "2020.02.14"]
[EventType "swiss"]
[EventCountry "AUT"]
[SourceTitle "playchess.com"]
[Source "ChessBase"]
[SourceQuality "1"]
[TimeControl "40/5400+30:1800+30"]

1. e4 c6 2. d4 d5 3. e5 c5 4. dxc5 e6 5. a3 Bxc5 6. b4 Bb6 7. Nf3 a5 8. b5 Nd7 9. Bb2 a4 10. Bd3 Nc5 11. O-O Ne7 12. Re1 Nxd3 13. Qxd3 Bd7 14. Nbd2 O-O 15. Bd4 Nf5 16. Bxb6 Qxb6 17. Rab1 Rfd8 18. c4 Be8 19. Rec1 Rac8 20. cxd5 Rxc1+ 21. Rxc1 Rxd5 22. Rc8 Kf8 23. Qc2 Qxb5 24. Ng5 Nd4 25. Qxh7 Ne2+ 26. Kh1 Rxd2 27. h4 Nf4 28. Kh2 Ng6 29. Nf3 Rxf2 30. h5 0-1

[Event "AUT-ch Open 2020"]
[Site "Graz"]
[Date "2020.02.19"]
[Round "7.28"]
[White "Danner, Georg"]
[Black "Secheres, Adrian-Simion"]
[Result "1/2-1/2"]
[ECO "E73"]
[WhiteElo "2295"]
[BlackElo "2295"]
[Annotator "ChessBase"]
[PlyCount "106"]
[EventDate "2020.02.14"]
[EventType "swiss"]
[EventCountry "AUT"]
[SourceTitle "playchess.com"]
[Source "ChessBase"]
[SourceQuality "1"]
[TimeControl "40/5400+30:1800+30"]

1. d4 Nf6 2. c4 g6 3. Nc3 Bg7 4. e4 d6 5. Be2 O-O 6. Be3 Na6 7. Nf3 e5 8. d5 c6 9. Nd2 Bd7 10. O-O c5 11. Bg5 h6 12. Bh4 Qe8 13. Nb5 Qe7 14. a3 Rfc8 15. Rb1 Qf8 16. Bxf6 Bxf6 17. Bg4 Qe7 18. Bxd7 Qxd7 19. h3 Nb8 20. Qg4 Be7 21. Qxd7 Nxd7 22. g3 a6 23. Nc3 Rab8 24. a4 h5 25. Ra1 f5 26. Kg2 Rf8 27. Rae1 Rf7 28. f4 Rbf8 29. exf5 Rxf5 30. Nf3 Bf6 31. Ne4 Be7 32. fxe5 Nxe5 33. Nxe5 Rxe5 34. Rxf8+ Kxf8 35. Rf1+ Ke8 36. Kf3 Rf5+ 37. Ke2 Rxf1 38. Kxf1 Bf8 39. Ke2 Ke7 40. Kf3 Bg7 41. b3 Be5 42. Ng5 Kf6 43. Ne6 Kf5 44. Nd8 b6 45. Nc6 Bf6 46. Nb8 a5 47. Nc6 Bg5 48. Na7 Bd8 49. Nc8 Ke5 50. Ke3 Bg5+ 51. Kd3 Bd8 52. Ke2 h4 53. g4 g5 1/2-1/2

[Event "AUT-ch Open 2020"]
[Site "Graz"]
[Date "2020.02.19"]
[Round "7.29"]
[White "Freitag, Manfred"]
[Black "Peycheva, Gergana"]
[Result "0-1"]
[ECO "B31"]
[WhiteElo "2378"]
[BlackElo "2378"]
[Annotator "ChessBase"]
[PlyCount "134"]
[EventDate "2020.02.14"]
[EventType "swiss"]
[EventCountry "AUT"]
[SourceTitle "playchess.com"]
[Source "ChessBase"]
[SourceQuality "1"]
[TimeControl "40/5400+30:1800+30"]

1. e4 c5 2. Nf3 Nc6 3. Bb5 g6 4. O-O Bg7 5. Re1 Nf6 6. e5 Nd5 7. Nc3 Nc7 8. Bxc6 dxc6 9. Ne4 Ne6 10. d3 O-O 11. Be3 b6 12. Qd2 Nd4 13. Nxd4 cxd4 14. Bh6 Bf5 15. Qf4 c5 16. Ng3 Qd7 17. h4 Qe6 18. a4 a6 19. b3 Rfd8 20. Bxg7 Kxg7 21. Re2 Ra7 22. f3 Rc7 23. Nf1 Qc8 24. Nd2 h6 25. g4 Be6 26. Ne4 b5 27. axb5 axb5 28. Rae1 Ra7 29. h5 g5 30. Qg3 Rg8 31. f4 Kh7 32. fxg5 hxg5 33. Rf2 Kh6 34. Ref1 Rg7 35. Rf5 Bxf5 36. gxf5 Rg8 37. e6 f6 38. Nf2 Ra2 39. Ng4+ Kh7 40. Rf2 Qb8 41. Qh3 Ra1+ 42. Kg2 Qa8+ 43. Qf3 Rc1 44. Qxa8 Rxa8 45. Kf3 Ra2 46. Re2 Rf1+ 47. Nf2 Kh6 48. Kg2 Raa1 49. Ng4+ Kg7 50. h6+ Kf8 51. Nf2 Kg8 52. b4 cxb4 53. Re4 Rfc1 54. Ng4 Rxc2+ 55. Kh3 Rh1+ 56. Kg3 b3 57. Nxf6+ exf6 58. e7 Rc8 59. e8=Q+ Rxe8 60. Rxe8+ Kh7 61. Re2 Rd1 62. Kg4 Kxh6 63. Rb2 Rxd3 64. Rxb3 Re3 65. Rb4 Re4+ 66. Kg3 Re5 67. Kg4 Rd5 0-1